AoeStats
← Lukita

Oasis

508511505Analyzed
4v4 RM · 8d ago on Sep 22, 2026· 63m 36s· 8 players
Game mode
Random Map
Map size
Large (8 player)
Population
200
Speed
Normal
Resources
Standard
Victory
Conquest
Starting age
Dark Age
Ending age
Imperial Age
RankedLock teamsTeams togetherTeam positionsShared explorationLock speedFull tech treeHidden civsTurbo modeCheats
Victory
Defeat
🇫🇷 Maya · France
1187
+14
🇨🇱 Franks · Chile
1178
+14
🇬🇧 Ethiopians · United Kingdom
1164
+15
🇩🇪 Italians · Germany
1148
+15
🇩🇪 Saxons · Germany
1364
-23
🇩🇪 Bohemians · Germany
1091
-13
🇩🇪 Britons · Germany
1074
-12
🇩🇪 Khmer · Germany
1028
-10
Clitinho
2:30 Loom
11:31 Feudal Age
15:56 Castle Age
13:48 Double-Bit Axe
14:15 Horse Collar
15:18 Man-at-Arms
16:51 Bow Saw
28:34 Imperial Age
27:12 Wheelbarrow
26:22 Town Watch
26:44 Heavy Plow
30:32 Chemistry
29:19 Elite Skirmisher
30:59 Ballistics
31:24 Gold Mining
33:53 Hand Cart
34:49 Arson
35:05 Squires
36:42 Two-Man Saw
36:14 Crop Rotation
35:28 Capped Ram
46:24 Forging
46:15 Scale Mail Armor
46:20 Scale Barding Armor
46:06 Fletching
46:45 Caravan
47:16 Coinage
46:57 Guilds
50:58 Banking
52:22 Iron Casting
52:02 Chain Mail Armor
54:16 Pikeman
58:23 Blast Furnace
57:54 Plate Mail Armor
57:21 Bodkin Arrow
61:32 Pirotechnia
61:43 Silk Road
61:44 Conscription
62:01 Hoardings
SeNSei;
3:39 Loom
12:27 Feudal Age
17:03 Castle Age
18:03 Double-Bit Axe
21:19 Scale Barding Armor
23:35 Forging
24:05 Fletching
27:13 Husbandry
34:48 Chain Barding Armor
35:04 Iron Casting
37:23 Wheelbarrow
37:05 Bow Saw
36:47 Gold Mining
36:48 Stone Mining
41:12 Imperial Age
41:26 Cavalier
43:07 Paladin
45:32 Plate Barding Armor
45:58 Blast Furnace
47:08 Siege Engineers
51:37 Bodkin Arrow
51:43 Padded Archer Armor
53:39 Hand Cart
53:10 Town Watch
54:02 Gold Shaft Mining
54:50 Chemistry
Lukita
6:26 Loom
12:41 Feudal Age
13:23 Horse Collar
13:30 Double-Bit Axe
18:13 Castle Age
16:27 Gold Mining
18:27 Wheelbarrow
20:22 Bow Saw
22:22 Stone Mining
23:31 Heavy Plow
24:04 Hand Cart
28:50 Imperial Age
26:07 Town Watch
27:59 Ballistics
27:51 Fortified Wall
30:35 Chemistry
30:17 Gold Shaft Mining
29:47 Town Patrol
32:31 Two-Man Saw
31:52 Heavy Scorpion
34:13 Torsion Engines
35:32 Siege Engineers
37:27 Caravan
40:50 Murder Holes
45:50 Conscription
51:51 Capped Ram
52:24 Fletching
52:35 Padded Archer Armor
Capitaine Haddock
0:29 Loom
9:37 Feudal Age
11:29 Fletching
15:16 Padded Archer Armor
15:06 Double-Bit Axe
22:46 Castle Age
24:02 Wheelbarrow
22:50 Crossbowman
23:39 Thumb Ring
24:10 Bodkin Arrow
25:58 Hand Cart
26:12 Pikeman
28:36 Forging
28:27 Scale Mail Armor
28:44 Town Watch
30:25 Horse Collar
35:20 Imperial Age
35:55 Ballistics
35:34 Arbalester
38:01 Town Patrol
39:38 Squires
40:35 Bracer
40:51 Leather Archer Armor
41:19 Gold Mining
42:02 Bow Saw
44:33 Iron Casting
44:28 Ring Archer Armor
44:14 Chain Mail Armor
46:32 Blast Furnace
45:11 Eagle Warrior
48:28 Heavy Plow
49:02 Halberdier
49:37 Elite Skirmisher
51:45 Caravan
52:40 Man-at-Arms
55:51 Chemistry
56:16 Long Swordsman
60:57 Two-Handed Swordsman
kingnick8238
12:43 Feudal Age
15:24 Castle Age
14:43 Loom
15:08 Double-Bit Axe
15:07 Horse Collar
19:34 Heavy Plow
19:58 Bloodlines
19:48 Husbandry
19:10 Light Cavalry
21:27 Scale Barding Armor
22:51 Forging
26:50 Wheelbarrow
26:01 Town Watch
28:51 Hand Cart
28:36 Gold Mining
28:40 Stone Mining
31:13 Iron Casting
30:58 Chain Barding Armor
32:01 Scale Mail Armor
40:24 Imperial Age
38:00 Town Patrol
38:42 Gold Shaft Mining
40:04 Stone Shaft Mining
39:56 Ballistics
41:14 Double Crossbow
40:58 Heavy Scorpion
42:00 Conscription
43:12 Chemistry
42:40 Siege Engineers
43:21 Bow Saw
43:55 Hussar
52:01 Plate Barding Armor
52:27 Blast Furnace
51:20 Cavalier
Creed
10:41 Feudal Age
14:23 Castle Age
14:30 Double-Bit Axe
14:26 Horse Collar
16:41 Bow Saw
17:13 Heavy Plow
24:11 Stone Mining
26:22 Gold Mining
27:12 Wheelbarrow
28:01 Gold Shaft Mining
29:09 Squires
28:55 Gambesons
28:55 Arson
29:24 Forging
29:15 Scale Mail Armor
32:39 Imperial Age
29:47 Man-at-Arms
30:56 Hand Cart
30:28 Loom
30:29 Town Watch
30:33 Long Swordsman
32:56 Iron Casting
32:36 Chain Mail Armor
32:56 Pikeman
34:10 Plate Mail Armor
33:05 Two-Handed Swordsman
33:07 Capped Ram
33:10 Shield Wall
34:11 Conscription
33:59 Champion
34:54 Siege Ram
36:18 Siege Engineers
36:04 Halberdier
40:01 Two-Man Saw
40:44 Elite Hearth Troop
44:30 Onager
47:19 Light Cavalry
48:09 Bloodlines
48:00 Husbandry
48:09 Scale Barding Armor
48:38 Crop Rotation
48:36 Hussar
49:47 Chain Barding Armor
50:55 Caravan
Herzie
6:23 Loom
7:42 Loom
12:16 Feudal Age
17:22 Castle Age
18:24 Elite Skirmisher
22:59 Pikeman
33:08 Double-Bit Axe
33:07 Horse Collar
34:36 Forging
34:26 Scale Mail Armor
41:05 Heavy Plow
55:49 Bow Saw
Texler
11:56 Feudal Age
12:18 Horse Collar
12:29 Double-Bit Axe
21:27 Castle Age
22:31 Loom
22:51 Gold Mining
22:52 Stone Mining
23:05 Heavy Plow
23:21 Bow Saw
24:47 Fletching
25:49 Bodkin Arrow
27:07 Wheelbarrow
26:17 Town Watch
26:51 Padded Archer Armor
27:38 Gold Shaft Mining
35:52 Imperial Age
33:57 Yeomen
36:15 Elite Longbowman
37:00 Bracer
37:26 Ballistics
39:51 Leather Archer Armor
41:58 Caravan
46:44 Chemistry
53:34 Two-Man Saw
55:12 Cavalier
55:52 Husbandry
59:54 Scale Mail Armor
60:00 Scale Barding Armor
Connection lost

Rejoining the realm…

Still unreachable

The connection could not be restored.

Session expired

The server has moved on; the page needs a fresh start.